General information
- name: BNet
- type: Ladder team game (AT/RT)
- host: Battle.net
- saver: ForKhazModan
map: Battleground
- players: 8
- length: 26:17
- speed: Fast
- version: 1.26 W3XP
- replay type: Public
» download(175 KB)
Players
team 1 (loser)
ehdgk (
purple | 84 APM | 2209 actions | 26:16)
4 Archmage
2 Blizzard
2 Brilliance Aura
3 Blood Mage
2 Flame Strike
1 Siphon Mana
1 Keeper of the Grove
1 Entangling Roots
1 Priestess of the Moon
1 Trueshot Aura
» actions
| Assign group hotkey | 28 | |
| Basic commands | 172 | |
| Build / train | 137 | |
| Enter build submenu | 21 | |
| Enter hero's abilities submenu | 9 | |
| Give item / drop item | 1 | |
| Right click | 904 | |
| Select / deselect | 336 | |
| Select group hotkey | 480 | |
| Use ability | 121 | |
2209 total
» units
| Peasant | 15 | |
| Rifleman | 42 | |
| Sorceress | 14 | |
| Priest | 8 | |
79 total
» upgrades
| Gunpowder | 2 | |
| Armor | 2 | |
| Long Rifles | 1 | |
5 total
» buildings
| Farm | 7 | |
| Altar of Kings | 1 | |
| Blacksmith | 1 | |
| Barracks | 1 | |
| Arcane Vault | 1 | |
| Scout Tower | 2 | |
| Arcane Tower | 7 | |
| Keep | 1 | |
| Lumber Mill | 1 | |
| Arcane Sanctum | 2 | |
| Spirit Tower | 2 | |
| Ancient Protector | 2 | |
| Tree of Life | 2 | |
30 total
» build order
00:53 Farm
01:08 Altar of Kings
01:24 Blacksmith
01:30 Barracks
01:38 Farm
01:54 Arcane Vault
02:12 Farm
02:18 Farm
02:50 Scout Tower
02:54 Scout Tower
03:19 Arcane Tower
03:19 Arcane Tower
03:19 Arcane Tower
03:30 Arcane Tower
03:30 Arcane Tower
03:31 Arcane Tower
04:54 Keep
05:18 Farm
05:30 Lumber Mill
06:24 Farm
07:50 Arcane Sanctum
07:54 Arcane Sanctum
08:08 Farm
20:50 Spirit Tower
20:51 Spirit Tower
21:48 Ancient Protector
21:51 Ancient Protector
22:29 Tree of Life
23:29 Tree of Life
» items
| Scroll of Regeneration | 7 | |
| Scroll of Town Portal | 9 | |
16 total

»
CHlN.KEE.YlN. (
red | 44 APM | 851 actions | 19:23)
4 Priestess of the Moon
2 Searing Arrows
1 Trueshot Aura
1 Scout
2 Keeper of the Grove
1 Entangling Roots
1 Thorns Aura
» actions
| Assign group hotkey | 23 | |
| Build / train | 54 | |
| ESC pressed | 1 | |
| Enter build submenu | 21 | |
| Enter hero's abilities submenu | 6 | |
| Give item / drop item | 1 | |
| Remove unit from queue | 1 | |
| Right click | 301 | |
| Select / deselect | 266 | |
| Select group hotkey | 127 | |
| Use ability | 50 | |
851 total
» units
| Wisp | 18 | |
| Archer | 10 | |
| Hippogryph | 11 | |
39 total
» upgrades
| Improved Bows | 1 | |
| Hippogryph Taming | 1 | |
| Strength of the Moon | 1 | |
3 total
» buildings
| Moon Well | 7 | |
| Altar of Elders | 1 | |
| Ancient of War | 2 | |
| Ancient of Wonders | 1 | |
| Tree of Ages | 1 | |
| Hunter's Hall | 1 | |
| Ancient Protector | 4 | |
| Ancient of Wind | 3 | |
20 total
» build order
00:20 Moon Well
00:51 Altar of Elders
01:06 Ancient of War
01:35 Moon Well
02:01 Ancient of War
02:19 Moon Well
02:33 Ancient of Wonders
03:38 Tree of Ages
03:56 Moon Well
04:36 Moon Well
04:44 Hunter's Hall
05:57 Ancient Protector
06:01 Ancient Protector
06:06 Ancient Protector
06:18 Ancient Protector
07:21 Ancient of Wind
07:23 Ancient of Wind
07:29 Ancient of Wind
09:29 Moon Well
10:25 Moon Well
» items
| Dust of Appearance | 1 | |
| Scroll of Town Portal | 1 | |
2 total
carolzinha-br (
yellow | 50 APM | 963 actions | 19:18)
5 Death Knight
2 Death Coil
3 Unholy Aura
» actions
| Assign group hotkey | 27 | |
| Basic commands | 55 | |
| Build / train | 43 | |
| Enter build submenu | 15 | |
| Enter hero's abilities submenu | 5 | |
| Right click | 270 | |
| Select / deselect | 313 | |
| Select group hotkey | 178 | |
| Use ability | 57 | |
963 total
» units
| Acolyte | 13 | |
| Ghoul | 9 | |
| Crypt Fiend | 6 | |
28 total
» upgrades
| Cannibalize | 1 | |
| Creature Attack | 1 | |
| Creature Carapace | 1 | |
| Web | 1 | |
| Burrow | 1 | |
5 total
» buildings
| Crypt | 2 | |
| Ziggurat | 8 | |
| Altar of Darkness | 1 | |
| Tomb of Relics | 1 | |
| Nerubian Tower | 1 | |
| Graveyard | 1 | |
| Halls of the Dead | 1 | |
| Black Citadel | 1 | |
16 total
» build order
00:12 Crypt
00:15 Ziggurat
00:41 Altar of Darkness
00:57 Tomb of Relics
01:24 Ziggurat
01:33 Nerubian Tower
02:38 Graveyard
04:32 Halls of the Dead
05:03 Crypt
05:09 Ziggurat
08:21 Ziggurat
09:44 Ziggurat
09:48 Ziggurat
10:29 Black Citadel
17:48 Ziggurat
18:38 Ziggurat
» items

»
n00bpwnzr22 (
pink | 28 APM | 546 actions | 19:21)
2 Mountain King
1 Storm Bolt
1 Bash
» actions
| Assign group hotkey | 3 | |
| Build / train | 32 | |
| Enter build submenu | 20 | |
| Enter hero's abilities submenu | 2 | |
| Right click | 267 | |
| Select / deselect | 189 | |
| Use ability | 33 | |
546 total
» units
» upgrades
| Swords | 2 | |
| Plating | 2 | |
| Animal War Training | 1 | |
5 total
» buildings
| Altar of Kings | 1 | |
| Farm | 11 | |
| Barracks | 5 | |
| Lumber Mill | 1 | |
| Keep | 1 | |
| Blacksmith | 1 | |
| Castle | 1 | |
21 total
» build order
00:08 Altar of Kings
00:10 Farm
00:52 Farm
01:18 Barracks
01:29 Farm
01:46 Lumber Mill
02:06 Farm
02:26 Barracks
03:02 Farm
03:25 Keep
03:41 Farm
03:46 Blacksmith
04:25 Farm
05:13 Farm
05:51 Castle
07:17 Barracks
07:19 Barracks
07:43 Barracks
09:32 Farm
10:12 Farm
15:35 Farm
team 2 (winner)
Nightmar3. (
blue | 39 APM | 1019 actions | 26:16)
7 Blademaster
3 Critical Strike
3 Wind Walk
1 Bladestorm
» actions
| Assign group hotkey | 13 | |
| Build / train | 76 | |
| ESC pressed | 1 | |
| Enter build submenu | 13 | |
| Enter hero's abilities submenu | 7 | |
| Give item / drop item | 2 | |
| Right click | 554 | |
| Select / deselect | 190 | |
| Select group hotkey | 69 | |
| Use ability | 94 | |
1019 total
» units
| Peon | 6 | |
| Grunt | 9 | |
| Raider | 11 | |
| Demolisher | 4 | |
| Wind Rider | 3 | |
| Forest Troll Shadow Priest | 1 | |
| Forest Troll Berserker | 1 | |
35 total
» upgrades
| Pillage | 1 | |
| Armor | 1 | |
| Melee Weapons | 3 | |
| Ensnare | 1 | |
| Ranged Weapons | 1 | |
7 total
» buildings
| Altar of Storms | 1 | |
| Orc Burrow | 7 | |
| Barracks | 1 | |
| Voodoo Lounge | 1 | |
| Stronghold | 1 | |
| War Mill | 1 | |
| Beastiary | 2 | |
| Fortress | 1 | |
15 total
» build order
00:08 Altar of Storms
00:12 Orc Burrow
00:45 Barracks
01:22 Voodoo Lounge
01:45 Orc Burrow
02:57 Orc Burrow
03:30 Orc Burrow
05:30 Stronghold
05:39 War Mill
07:51 Orc Burrow
07:57 Beastiary
09:25 Beastiary
14:48 Fortress
24:16 Orc Burrow
24:19 Orc Burrow
» items
| Healing Salve | 6 | |
| Scroll of Speed | 2 | |
| Boots of Speed | 1 | |
| Lesser Clarity Potion | 5 | |
| Potion of Healing | 4 | |
| Potion of Mana | 4 | |
| Potion of Invisibility | 1 | |
| Orb of Lightning | 1 | |
24 total
Unknow_name (
orange | 147 APM | 3851 actions | 26:16)
7 Blademaster
1 Wind Walk
3 Critical Strike
2 Mirror Image
1 Bladestorm
» actions
| Assign group hotkey | 25 | |
| Build / train | 100 | |
| Enter build submenu | 20 | |
| Enter hero's abilities submenu | 9 | |
| Give item / drop item | 7 | |
| Remove unit from queue | 2 | |
| Right click | 1413 | |
| Select / deselect | 410 | |
| Select group hotkey | 1759 | |
| Use ability | 106 | |
3851 total
» units
| Peon | 16 | |
| Wind Rider | 13 | |
| Troll Batrider | 5 | |
| Shaman | 4 | |
38 total
» upgrades
| Ranged Weapons | 1 | |
| Armor | 1 | |
| Envenomed Spears | 1 | |
| Shaman Training | 2 | |
5 total
» buildings
| Altar of Storms | 1 | |
| Orc Burrow | 9 | |
| War Mill | 1 | |
| Voodoo Lounge | 1 | |
| Stronghold | 6 | |
| Watch Tower | 2 | |
| Beastiary | 2 | |
| Fortress | 6 | |
| Spirit Lodge | 1 | |
| Tauren Totem | 1 | |
| Great Hall | 2 | |
32 total
» build order
00:07 Altar of Storms
00:19 Orc Burrow
00:50 War Mill
01:05 Voodoo Lounge
02:16 Stronghold
02:17 Stronghold
02:50 Watch Tower
03:11 Orc Burrow
03:58 Watch Tower
04:41 Beastiary
04:44 Beastiary
04:52 Fortress
05:12 Orc Burrow
08:28 Orc Burrow
08:33 Spirit Lodge
11:36 Tauren Totem
15:40 Great Hall
17:02 Orc Burrow
17:55 Orc Burrow
19:44 Stronghold
19:44 Stronghold
19:50 Orc Burrow
22:06 Great Hall
22:16 Fortress
22:16 Fortress
23:50 Orc Burrow
25:12 Orc Burrow
» items
| Healing Salve | 7 | |
| Lesser Clarity Potion | 8 | |
| Orb of Lightning | 1 | |
| Boots of Speed | 1 | |
| Scroll of Regeneration | 1 | |
18 total
dawood (
teal | 42 APM | 1109 actions | 26:16)
6 Demon Hunter
3 Immolation
2 Evasion
1 Metamorphosis
5 Keeper of the Grove
3 Entangling Roots
2 Thorns Aura
» actions
| Assign group hotkey | 19 | |
| Build / train | 76 | |
| Enter build submenu | 24 | |
| Enter hero's abilities submenu | 11 | |
| Remove unit from queue | 4 | |
| Right click | 594 | |
| Select / deselect | 235 | |
| Select group hotkey | 93 | |
| Use ability | 53 | |
1109 total
» units
| Wisp | 17 | |
| Archer | 3 | |
| Huntress | 1 | |
| Hippogryph | 11 | |
| Chimaera | 15 | |
47 total
» upgrades
| Strength of the Wild | 3 | |
| Reinforced Hides | 3 | |
| Ultravision | 1 | |
| Corrosive Breath | 1 | |
| Well Spring | 1 | |
9 total
» buildings
| Altar of Elders | 1 | |
| Moon Well | 9 | |
| Ancient of War | 1 | |
| Hunter's Hall | 2 | |
| Ancient Protector | 3 | |
| Tree of Ages | 1 | |
| Ancient of Wind | 1 | |
| Tree of Eternity | 1 | |
| Chimaera Roost | 3 | |
| Tree of Life | 1 | |
23 total
» build order
00:32 Altar of Elders
00:39 Moon Well
01:04 Ancient of War
02:02 Moon Well
02:22 Moon Well
02:32 Moon Well
03:17 Hunter's Hall
03:21 Hunter's Hall
03:27 Moon Well
04:48 Ancient Protector
04:54 Moon Well
05:43 Tree of Ages
08:08 Ancient of Wind
08:15 Moon Well
08:18 Tree of Eternity
09:12 Ancient Protector
09:40 Moon Well
10:46 Moon Well
10:52 Chimaera Roost
10:55 Chimaera Roost
10:58 Chimaera Roost
12:13 Tree of Life
15:59 Ancient Protector
» items
ForKhazModan (
green | 56 APM | 1482 actions | 26:17)
6 Blood Mage
3 Flame Strike
2 Siphon Mana
1 Summon Phoenix
» actions
| Assign group hotkey | 48 | |
| Basic commands | 18 | |
| Build / train | 88 | |
| Enter build submenu | 52 | |
| Enter hero's abilities submenu | 6 | |
| Give item / drop item | 6 | |
| Remove unit from queue | 2 | |
| Right click | 726 | |
| Select / deselect | 335 | |
| Select group hotkey | 79 | |
| Use ability | 122 | |
1482 total
» units
| Peasant | 17 | |
| Footman | 6 | |
| Forest Troll Shadow Priest | 1 | |
| Rifleman | 2 | |
| Forest Troll Berserker | 1 | |
| Sorceress | 5 | |
32 total
» upgrades
| Defend | 1 | |
| Lumber Harvesting | 2 | |
| Masonry | 3 | |
| Sorceress Training | 1 | |
| Magic Sentry | 1 | |
8 total
» buildings
| Altar of Kings | 2 | |
| Barracks | 1 | |
| Farm | 6 | |
| Blacksmith | 1 | |
| Arcane Vault | 1 | |
| Keep | 1 | |
| Town Hall | 2 | |
| Scout Tower | 44 | |
| Lumber Mill | 2 | |
| Guard Tower | 18 | |
| Arcane Sanctum | 1 | |
| Castle | 1 | |
| Workshop | 4 | |
| Arcane Tower | 1 | |
85 total
» build order
00:56 Altar of Kings
01:00 Altar of Kings
01:01 Barracks
01:02 Farm
01:04 Farm
01:11 Farm
01:14 Farm
01:54 Farm
02:46 Farm
02:57 Blacksmith
03:13 Arcane Vault
07:52 Keep
08:08 Town Hall
08:12 Scout Tower
08:12 Scout Tower
08:13 Scout Tower
08:14 Scout Tower
08:15 Scout Tower
08:16 Scout Tower
08:16 Scout Tower
08:17 Scout Tower
08:42 Lumber Mill
09:34 Guard Tower
10:45 Arcane Sanctum
11:03 Scout Tower
11:04 Scout Tower
11:04 Scout Tower
11:05 Scout Tower
11:05 Scout Tower
11:06 Scout Tower
11:08 Scout Tower
11:08 Scout Tower
11:09 Scout Tower
11:10 Scout Tower
12:29 Guard Tower
12:31 Castle
13:46 Scout Tower
13:46 Scout Tower
13:47 Scout Tower
13:47 Scout Tower
13:49 Scout Tower
13:50 Scout Tower
14:42 Guard Tower
14:43 Guard Tower
15:06 Scout Tower
15:07 Scout Tower
15:55 Workshop
15:56 Workshop
15:58 Arcane Tower
16:18 Workshop
16:20 Workshop
16:43 Scout Tower
16:43 Scout Tower
16:44 Scout Tower
16:45 Scout Tower
16:45 Scout Tower
16:47 Scout Tower
16:47 Scout Tower
16:47 Scout Tower
16:48 Scout Tower
16:49 Scout Tower
17:35 Guard Tower
17:35 Guard Tower
17:35 Guard Tower
17:37 Guard Tower
17:37 Guard Tower
17:37 Guard Tower
17:40 Guard Tower
17:40 Guard Tower
18:55 Guard Tower
20:52 Town Hall
21:00 Scout Tower
21:00 Scout Tower
21:00 Scout Tower
21:01 Scout Tower
21:02 Scout Tower
21:02 Scout Tower
21:03 Scout Tower
21:05 Scout Tower
22:19 Guard Tower
23:54 Lumber Mill
» items
| Boots of Speed | 1 | |
| Staff of Teleportation | 2 | |
| Scroll of Regeneration | 2 | |
| Potion of Invisibility | 5 | |
| Periapt of Vitality | 1 | |
| Scroll of Town Portal | 4 | |
| Potion of Mana | 1 | |
| Potion of Healing | 1 | |
| Lesser Clarity Potion | 1 | |
18 total
Chat log
(00:14 / Allies) Unknow_name: AIR
(00:37 / Allies) Unknow_name: who is going melee?
(01:54 / Allies) dawood: hipps chims
(06:37 / All) CHlN.KEE.YlN.: pinks an asshole
(06:51 / All) CHlN.KEE.YlN.: doesnt want to play
(07:00 / All) CHlN.KEE.YlN.: then dont fag fucking retard
(07:13 / All) CHlN.KEE.YlN.: yellow=useless as well
(07:32 / Allies) ForKhazModan: you take tome
(12:09 / All) ForKhazModan: TT
(14:45 / All) carolzinha-br: gold please?
(14:56 / All) ForKhazModan: lol
(18:25 / All) ForKhazModan: hehe
(19:07 / All) ForKhazModan: Are you guys having fun like me?>
(19:15 / All) CHlN.KEE.YlN.: my team is bad
(22:47 / Allies) Unknow_name: green share some gold?
(22:57 / Allies) ForKhazModan: how much do you need comrade?
(23:04 / Allies) Unknow_name: lol
(23:12 / Allies) Unknow_name: as much as u can
(23:28 / All) Unknow_name: lol
(24:05 / Allies) Unknow_name: thx
(24:18 / All) ForKhazModan: why did you kill the tree
(24:40 / Allies) Unknow_name: me?
(25:15 / All) ForKhazModan: oh I see
(25:31 / All) ForKhazModan: should ahve hid it better, brother
(25:58 / All) ForKhazModan: wow
(26:03 / All) ForKhazModan: tree hiding is extremely difficult on this map